 Dungeon Crawl Stone Soup version 0.27.1-3-gb3d3a73c9e (webtiles) character file.

Game seed: 3219639550011547116

16 CuBeRJAN3 the Skirmisher (level 2, -1/24 HPs)
             Began as a Demonspawn Berserker on Oct 7, 2021.
             Was a Follower of Trog.
             Slain by a gnoll (3 damage)
             ... on level 1 of the Dungeon.
             The game lasted 00:02:30 (958 turns).

CuBeRJAN3 the Skirmisher (Demonspawn Berserker)      Turns: 958, Time: 00:02:30

Health: -1/24      AC:  3    Str: 17    XL:     2   Next: 37%
Magic:  2/2        EV: 12    Int: 14    God:    Trog [*.....]
Gold:   51         SH:  0    Dex: 12    Spells: 1/1 levels left

rFire    . . .     SeeInvis .   a - +0 hand axe
rCold    . . .     Faith    .   (no shield)
rNeg     . . .     Spirit   .   b - +0 animal skin
rPois    .         Reflect  .   (no helmet)
rElec    .         Harm     .   (no cloak)
rCorr    .         Rampage  .   (no gloves)
Will     .....                  (no boots)
Stlth    +.........             (no amulet)
HPRegen  0.08/turn              d - +6 ring of intelligence
MPRegen  0.08/turn              (no ring)

@: no status effects
A: rugged brown scales 1
a: Renounce Religion, Berserk


You were on level 1 of the Dungeon.
You worshipped Trog.
Trog was aware of your devotion.
You visited 1 branch of the dungeon, and saw 1 of its levels.

You collected 51 gold pieces.

Inventory:

Hand Weapons
 a - a +0 hand axe (weapon)
Armour
 b - a +0 animal skin (worn)
Jewellery
 d - a +6 ring of intelligence (left hand)
Scrolls
 c - a scroll of immolation {unknown}
Potions
 e - a potion of curing {unknown}
 f - a potion of berserk rage {unknown}


   Skills:
 * Level 3.2 Fighting
 * Level 2.9 Axes
 + Level 2.0 Armour
 + Level 2.0 Dodging


You had one spell level left.
You didn't know any spells.
Your spell library was empty.

Dungeon Overview and Level Annotations

Branches:
Dungeon (1/15)

Altars:

Shops:
D:1 *


Innate Abilities, Weirdness & Mutations

You are partially covered in rugged brown scales. (AC +1, +3% HP)


Message History

A gnoll comes into view. It is wielding a +0 whip.
The gnoll shouts!
You closely miss the gnoll.
A goblin comes into view. It is wielding a +0 club.
The gnoll closely misses you.
The goblin shouts!
You hit the gnoll.
The gnoll is lightly wounded.
The gnoll hits you with a +0 whip.
You closely miss the gnoll.
The gnoll is lightly wounded.
The gnoll closely misses you.
You hit the gnoll but do no damage.
The gnoll is lightly wounded.
You hit the goblin. The goblin hits you but does no damage.
The gnoll hits you with a +0 whip.
You closely miss the gnoll.
The gnoll is lightly wounded.
You barely miss the goblin. The goblin closely misses you.
The gnoll hits you with a +0 whip! The goblin hits you but does no damage.
The gnoll barely misses you.
Found 17 arrows.
Press: ? - help, v - describe, . - travel
Here: a gnoll, wielding a +0 whip (lightly wounded)
The floor.
You barely miss the gnoll.
The gnoll is lightly wounded.
The gnoll hits you with a +0 whip.
You hit the gnoll.
The gnoll is severely wounded.
The gnoll barely misses you.
You closely miss the gnoll.
The gnoll is severely wounded.
The gnoll hits you with a +0 whip!
* * * LOW HITPOINT WARNING * * *
The gnoll misses you.
You barely miss the gnoll.
The gnoll is severely wounded.
The gnoll hits you with a +0 whip.
You die...

##.##.# #.#### #...#.# #.#
#...#.# ###.# ## #...#.#
#...# #. #...#.# #.### #.
#...#.# #.#####. #...#.#
#....... #..>#.# ########
######.@#..# #...
.......g..## #####.##
.......g#########.......
.....................##.
.....................##)
........................#..
.....#+#####.............#.#
.......... #...............#
.........# #................


You could see a gnoll and a goblin.

Vanquished Creatures
  A dart slug (D:1)
  A ball python (D:1)
  A bat (D:1)
  An endoplasm (D:1)
  2 giant cockroaches (D:1)
  A goblin (D:1)
  A quokka (D:1)
  A frilled lizard (D:1)
  3 kobolds (D:1)
12 creatures vanquished.

Notes
Turn   | Place    | Note
-------+----------+-------------------------------------------
     0 | D:1      | CuBeRJAN3 the Demonspawn Berserker began the quest for the
                  | Orb.
     0 | D:1      | Reached XP level 1. HP: 18/18 MP: 1/1
   312 | D:1      | Gained mutation: You are partially covered in rugged brown
                  | scales. (AC +1, +3% HP) [demonic ancestry]
   312 | D:1      | Reached XP level 2. HP: 12/24 MP: 2/2
   724 | D:1      | Found Inovaug's Assorted Antiques.
   948 | D:1      | HP: 1/24 [gnoll (8)]
   958 | D:1      | Slain by a gnoll

Illustrated notes

Levels and vault maps discovered:
D:1:      dpeg_arrival_short_road, layout_basic, serial_shops, shop,
          minmay_strange_pillars, minmay_hexomino_p4

Skill      XL: |  1  2 |
---------------+-------+-----
Armour         | 2 |  2.0
Dodging        | 2 |  2.0
Fighting       | |  3.2
Axes           | |  2.9

Action                   || total
-------------------------++-------
Melee: Hand axe          ||    54
 Stab: Sleeping          ||     1
Armor: Animal skin       ||    16
Dodge: Dodged            ||    37
